 Dungeon Crawl Stone Soup version 0.22-a0-396-g3f858e3 (webtiles) character file.

21 JeffiDaFish the Firebug (level 2, -3/20 HPs)
             Began as a Draconian Fire Elementalist on May 3, 2018.
             Slain by Natasha (5 damage)
             ... on level 2 of the Dungeon.
             The game lasted 00:01:35 (1166 turns).

JeffiDaFish the Firebug (DrFE)                      Turns: 1166, Time: 00:01:35

Health: -3/20      AC:  4    Str: 10    XL:     2   Next: 65%
Magic:  0/5        EV: 12    Int: 15    God:
Gold:   30         SH:  0    Dex: 11    Spells: 4/5 levels left

rFire    . . .     SeeInvis .   (no weapon)
rCold    . . .     Gourm    .   (no shield)
rNeg     . . .     Faith    .   (armour unavailable)
rPois    .         Spirit   .   (helmet restricted)
rElec    .         Reflect  .   (no cloak)
rCorr    .         Harm     .   (no gloves)
MR       .....                  (no boots)
Stlth    ++........             (no amulet)
HPRegen  0.06/turn              (no ring)
MPRegen  0.09/turn              (no ring)

@: lethally poisoned (-3 -> -7), very slightly contaminated
A: unfitting armour, cold-blooded, AC +4
a: no special abilities


You were on level 2 of the Dungeon.
You were not hungry.

You visited 1 branch of the dungeon, and saw 2 of its levels.

You collected 30 gold pieces.

Inventory:

Jewellery
 a - a cursed amulet of inaccuracy {unknown}
Comestibles
 b - 3 rations
 c - 5 chunks of flesh


   Skills:
 + Level 2.0 Dodging
 - Level 1.7 Stealth
 + Level 2.2 Spellcasting
 * Level 1.8 Conjurations
 + Level 3.2 Fire Magic


You had 4 spell levels left.
You knew the following spells:

 Your Spells              Type           Power        Failure   Level  Hunger
a - Flame Tongue          Conj/Fire      #....        8%          1    #......


Dungeon Overview and Level Annotations

Branches:
Dungeon (2/15)

Altars:

Annotations:
D:2 Natasha


Innate Abilities, Weirdness & Mutations

Your plain brown scales are hard. (AC +4)
You cannot fit into any form of body armour.
You are cold-blooded and may be slowed by cold attacks.


Message History

The kobold hits you.
You feel sick.
Natasha, Servant of Life and Death comes into view.
Natasha hisses angrily.
Natasha casts a spell at you. The magic dart hits you!
* * * LOW HITPOINT WARNING * * *
A dart slug comes into view.
* * * LOW HITPOINT WARNING * * *
You feel sick.
Natasha mewls in sadness.
Casting: Flame Tongue (safe; 8% risk of failure)
Confirm with . or Enter, or press ? or * to list all spells.
Aiming: Flame Tongue (safe; 8% risk of failure)
Press: ? - help, Shift-Dir - straight line, f - kobold
Aim: a kobold (moderately wounded)
The flame tongue hits the kobold.
You kill the kobold!
Natasha claws you.
You die...

#..## .# ...#
.# ####..##.#
.
#....w.#.##'#
#.# ♣.♣.....#
#.# #.......#
#.♣#♣.♣.♣...#
#...........#
##♣#♣@♣.♣#..#
#.h.##..#
####♣.♣.....#
#........##.#
#.####<.....#
#....###
#.##.# ###
..# #.#


You could see Natasha and a dart slug.

Vanquished Creatures
  An adder (D:2)
  A dart slug (D:1)
  A bat (D:1)
  A giant cockroach (D:1)
  2 hobgoblins
  A ball python (D:1)
  2 frilled lizards (D:1)
  2 kobolds
  A rat (D:1)
12 creatures vanquished.

Notes
Turn   | Place    | Note
-------+----------+-------------------------------------------
     0 | D:1      | JeffiDaFish the Draconian Fire Elementalist began the quest for the Orb.
     0 | D:1      | Reached XP level 1. HP: 14/14 MP: 3/3
   780 | D:1      | Reached XP level 2. HP: 20/20 MP: 0/5
  1163 | D:2      | Noticed Natasha
  1166 | D:2      | Slain by Natasha

Vault maps used:
D:1:      saegor_arrival_simple_d, hangedman_decor_points,
          minmay_misc_feat_five, minmay_tromino_v4_b
D:2:      okawaru_trees_2, serial_forest, infiniplex_forest_straight_1,
          infiniplex_forest_lined_4_way, infiniplex_forest_straight_2,
          infiniplex_forest_straight_3, infiniplex_forest_clump_small,
          infiniplex_forest_straight_2, uniq_natasha

Skill      XL: |  1  2 |
---------------+-------+-----
Dodging        | 2 |  2.0
Stealth        | |  1.7
Spellcasting   | |  2.2
Conjurations   | |  1.8
Fire Magic     | |  3.2

Action                   || total
-------------------------++-------
Melee: Unarmed           ||    27
       Tailslap          ||     2
 Cast: Flame Tongue      ||    20
  Use: Potion            ||     3
       Scroll            ||     3
  Eat: Chunk             ||     1
Armor: Skin              ||    10
Dodge: Dodged            ||    26

Table legend:
 A = Spawn XP
 B = Non-spawn XP
 C = Spawn XP percentage of total XP
 D = Spawn monster count
 E = Non-spawn monster count
 F = Spawn count percentage of total count
 G = Total turns spent on level
                    A         B        C        D         E        F      G
               +---------+---------+-------+---------+---------+-------+---------
         Total |       0 |      31 |   0.0 |       0 |      12 |   0.0 |  1166
               +---------+---------+-------+---------+---------+-------+---------
           D:1 |       0 |      15 |   0.0 |       0 |       9 |   0.0 |  1122
           D:2 |       0 |      16 |   0.0 |       0 |       3 |   0.0 |    44
               +---------+---------+-------+---------+---------+-------+---------
